 Dungeon Crawl Stone Soup version 0.31-a0-986-g5e6e4ef867 (webtiles) character file.

Game seed: 7596546930182800718

4685 Persephone the Cleaver (level 10, -4/56 HPs)
             Began as a Gargoyle Fighter on Nov 7, 2023.
             Was a Believer of the Shining One.
             Slain by a wight
             ... wielding a +3 flail of freezing
              (6 damage)
             ... on level 8 of the Dungeon.
             The game lasted 00:08:15 (6476 turns).

Persephone the Cleaver (Gargoyle Fighter)           Turns: 6476, Time: 00:08:16

Health: -4/56      AC: 16    Str: 22    XL:     10   Next: 44%
Magic:  8/10       EV:  9    Int:  9    God:    the Shining One [**....]
Gold:   1538       SH: 10    Dex: 11    Spells: 9/9 levels left

rFire   . . .        a - +0 war axe (spect)
rCold   . . .        c - +0 buckler
rNeg    + + .        b - +0 scale mail
rPois   ∞            n - +1 helmet
rElec   +            (no cloak)
rCorr   .            (no gloves)
SInv    .            (no boots)
Will    .....        (no amulet) Stlth
                     (no ring)
HPRegen 0.29/turn    (no ring)
MPRegen 0.12/turn

%: no passive effects
@: divinely shielded, glowing
A: sickness immunity, AC +7, negative energy resistance 1, electricity
resistance, torment resistance 1, petrification resistance
a: Renounce Religion, Divine Shield


You were on level 8 of the Dungeon.
You worshipped the Shining One.
The Shining One was pleased with you.
You visited 2 branches of the dungeon, and saw 9 of its levels.

You collected 1538 gold pieces.

Inventory:

Hand Weapons
 a - a +0 spectral war axe (weapon)
Missiles
 z - a throwing net
Armour
 b - a +0 scale mail (worn)
 c - a +0 buckler (worn)
 n - a +1 helmet (worn)
Wands
 d - a wand of flame (16)
 f - a wand of roots (13)
 g - a wand of acid (2)
 m - a wand of polymorph (7)
Scrolls
 e - 3 scrolls of teleportation
 k - a scroll of brand weapon
 l - a scroll of torment
 p - a scroll of noise
 q - 2 scrolls of enchant armour
 s - 2 scrolls of identify
 x - a scroll of vulnerability {unknown}
 y - a scroll of enchant weapon {unknown}
Potions
 h - 2 potions of mutation
 i - a potion of haste {unknown}
 j - 4 potions of might
 o - a potion of lignification {unknown}
 r - a potion of resistance {unknown}
 t - 2 potions of ambrosia {unknown}
 u - 2 potions of heal wounds {unknown}
 v - 2 potions of curing {unknown}
 w - a potion of degeneration {unknown}


   Skills:
 - Level 3.2 Fighting
 + Level 13.7 Axes
 - Level 3.2 Armour
 - Level 3.2 Shields


You had 9 spell levels left.
You didn't know any spells.
Your spell library contained the following spells:

 Spells                   Type           Power      Damage    Failure   Level
 Summon Small Mammal      Summ           0%         N/A       78%         1
 Manifold Assault         Tloc           0%         N/A       100%        4
 Passage of Golubria      Tloc           0%         N/A       100%        4
 Silence                  Hex/Air        0%         N/A       100%        5
 Summon Cactus Giant      Summ           0%         N/A       100%        6
 Lehudib's Crystal Spear  Conj/Erth      0%         10d2      100%        8
 Dragon's Call            Summ           0%         N/A       100%        9


Dungeon Overview and Level Annotations

Branches:
Dungeon (8/15)             Temple (1/1) D:4
   Lair: D:8-11

Altars:
Ashenzari
Cheibriados
Dithmenos
Elyvilon
Fedhas
Hepliaklqana
Kikubaaqudgha
Makhleb
Nemelex Xobeh
Qazlal
Trog
Uskayaw
Vehumet
Wu Jian
Xom
Zin
The Shining One


Innate Abilities, Weirdness & Mutations

You are immune to sickness and miasma.
Your stone body is resilient. (AC +7)
You are immune to poison.
You resist negative energy. (rN+)
You are resistant to electric shocks. (rElec)
You are resistant to unholy torment.
You are immune to petrification.


Message History

Your spectral weapon shares its damage with you!
* * * LOW HITPOINT WARNING * * *
Okay, then.
Your shield is strengthened by the Shining One's divine power.
Your +0 spectral war axe disappears.
You block the wight's attack. x2; The wight hits you with a +0 battleaxe!
* * * LOW HITPOINT WARNING * * *
You barely miss the wight.
The wight is lightly damaged.
You hit the wight but do no damage. x2
Your +0 spectral war axe hits the wight!
Your +0 spectral war axe hits the wight.
Your +0 spectral war axe hits the wight but does no damage.
Your +0 spectral war axe barely misses the wight.
Your +0 spectral war axe hits the wight but does no damage.
Your +0 spectral war axe hits the wight.
You destroy the wight!
The Shining One accepts your kill.
The wight hits you with a +0 dire flail.
* * * LOW HITPOINT WARNING * * *
The wight hits you but does no damage.
Okay, then.
You hit the wight but do no damage.
The wight is moderately damaged.
You slash the wight!
You destroy the wight!
The Shining One accepts your kill.
You feel better.
You feel your power returning.
Your +0 spectral war axe hits the wight but does no damage.
The wight completely misses you.
The wight misses your +0 spectral war axe.
You hit the wight but do no damage.
The wight is moderately damaged.
You barely miss the wight.
Your +0 spectral war axe hits the wight.
Your +0 spectral war axe hits the wight!
The wight hits you with a +0 battleaxe.
* * * LOW HITPOINT WARNING * * *
The wight hits you with a +3 flail of freezing.
You die...

. # .. # .# ####+###.#. .#
....... ...####.#### .......
.........#...
^......#####))z.......#
....D......).@........# ###
........#####(z.......# #..
......#.# #...........# #.# .....
#.# #...........# #.# ..
#######.#####......(..# ####.#
...####........#.........###....#
...........###.#.#.))#....##.####
...........# #.#...)>'....##.#
.......†...# #.#.#.#.#....##.#


You could see 2 wights and a friendly +0 spectral war axe.

Vanquished Creatures
  Pikel (D:6)
  Maggie (D:6)
  Prince Ribbit (D:6)
  Grinder (D:5)
  A hornet (D:7)
  Sigmund (D:3)
  3 yaks (D:5)
  Menkaure (D:7)
  Edmund (D:6)
  An acid dragon (D:6)
  Duvessa (D:7)
  An orc warrior (D:5)
  2 black bears
  2 ice beasts
  2 centaurs
  A lemure (D:6)
  A phantom (D:7)
  2 kobold brigands
  Blork the orc (D:4)
  4 bullfrogs
  A gnoll sergeant (D:7)
  8 wights
  A scorpion (D:5)
  Dowan (D:7)
  2 howler monkeys (D:8)
  A hound (D:5)
  2 jellies
  Natasha (thrice) (D:3)
  An orc wizard (D:5)
  Robin (D:2)
  7 adders
  11 gnolls
  2 shadow imps
  A white imp (D:5)
  2 ufetubi (D:5)
  A worm (D:5)
  27 orcs
  8 ball pythons
  4 bats
  8 endoplasms
  7 giant cockroaches
  13 goblins
  10 hobgoblins
  13 kobolds
  4 quokkas
  3 frilled lizards
  9 rats
180 creatures vanquished.

Vanquished Creatures (others)
  A goblin (D:2)
1 creature vanquished.

Grand Total: 181 creatures vanquished

Notes
Turn   | Place    | Note
-------+----------+-------------------------------------------
     0 | D:1      | Persephone the Gargoyle Fighter began the quest for the
                  | Orb.
     0 | D:1      | Reached XP level 1. HP: 14/14 MP: 1/1
    47 | D:1      | Reached skill level 2 in Axes
    71 | D:1      | Found a faded altar of an unknown god.
    76 | D:1      | Reached XP level 2. HP: 19/19 MP: 2/2
   175 | D:1      | Got the Secrets of Shifting Leadership
   294 | D:1      | Reached skill level 3 in Axes
   480 | D:1      | Reached XP level 3. HP: 19/23 MP: 3/3
   921 | D:2      | Reached XP level 4. HP: 27/28 MP: 4/4
  1037 | D:2      | Noticed Robin
  1055 | D:2      | Reached skill level 4 in Axes
  1073 | D:2      | Killed Robin
  1195 | D:2      | Found a white marble altar of Elyvilon.
  1482 | D:3      | Noticed Sigmund
  1494 | D:3      | Killed Sigmund
  1495 | D:3      | Reached skill level 5 in Axes
  1495 | D:3      | Reached XP level 5. HP: 27/32 MP: 5/5
  1495 | D:3      | Reached XP level 6. HP: 31/37 MP: 6/6
  1584 | D:3      | Noticed Natasha
  1585 | D:3      | Killed Natasha
  1606 | D:3      | Noticed Natasha
  1612 | D:3      | Killed Natasha
  1613 | D:3      | Reached skill level 6 in Axes
  1614 | D:3      | Noticed Natasha
  1624 | D:3      | Killed Natasha
  2004 | D:4      | Found a staircase to the Ecumenical Temple.
  2046 | Temple   | Entered the Ecumenical Temple
  2078 | Temple   | Became a worshipper of the Shining One
  2151 | D:4      | Noticed Blork the orc
  2163 | D:4      | Killed Blork the orc
  2164 | D:4      | Reached XP level 7. HP: 23/41 MP: 7/7
  2252 | D:4      | Noticed a +0 falchion
  2252 | D:4      | Noticed a +0 short sword
  2252 | D:4      | Noticed a +0 short sword
  2253 | D:4      | Noticed a +0 dagger
  2253 | D:4      | Noticed a +0 spear
  2253 | D:4      | Noticed a +0 spear
  2253 | D:4      | Noticed a +0 dagger
  2253 | D:4      | Noticed a +0 falchion
  2264 | D:4      | Found a hide-covered altar of Uskayaw.
  2390 | D:4      | Found a stormy altar of Qazlal.
  2761 | D:4      | Identified a scroll of acquirement
  2761 | D:4      | Acquired 1097 gold pieces
  2785 | D:5      | Entered Level 5 of the Dungeon
  2898 | D:5      | Reached * piety under the Shining One
  2905 | D:5      | Reached skill level 7 in Axes
  2964 | D:5      | Noticed Grinder
  2979 | D:5      | Killed Grinder
  2980 | D:5      | Reached skill level 8 in Axes
  2980 | D:5      | Reached XP level 8. HP: 5/46 MP: 8/8
  3144 | D:5      | Found a broken altar of Ashenzari.
  3249 | D:5      | Noticed a yak
  3249 | D:5      | Noticed a yak
  3250 | D:5      | Noticed a yak
  3261 | D:5      | Killed a yak
  3262 | D:5      | Reached skill level 9 in Axes
  3266 | D:5      | Killed a yak
  3271 | D:5      | Killed a yak
  3519 | D:5      | Reached skill level 10 in Axes
  3816 | D:5      | Reached XP level 9. HP: 45/51 MP: 9/9
  4131 | D:6      | Noticed Pikel
  4137 | D:6      | Killed Pikel
  4138 | D:6      | Reached skill level 11 in Axes
  4383 | D:6      | Noticed Maggie
  4394 | D:6      | Killed Maggie
  4548 | D:6      | Noticed Prince Ribbit
  4560 | D:6      | Killed Prince Ribbit
  4657 | D:6      | Reached skill level 12 in Axes
  4662 | D:6      | Reached ** piety under the Shining One
  4767 | D:6      | Noticed Edmund
  4776 | D:6      | Killed Edmund
  5152 | D:6      | Reached XP level 10. HP: 55/56 MP: 10/10
  5248 | D:7      | Reached skill level 13 in Axes
  5297 | D:7      | Noticed Duvessa
  5297 | D:7      | Noticed Dowan
  5303 | D:7      | Killed Dowan
  5304 | D:7      | Killed Duvessa
  5400 | D:7      | Noticed Menkaure
  5406 | D:7      | Killed Menkaure
  5490 | D:7      | Found a radiant altar of Vehumet.
  6124 | D:7      | Found a shadowy altar of Dithmenos.
  6474 | D:8      | HP: 2/56 [wight/+0 dire flail (2)]
  6476 | D:8      | Slain by a wight

Illustrated notes

Levels and vault maps discovered:
D:1:      onia_arrival_pyramid, layout_basic, ebering_ecumenical_altar_ruins
D:2:      layout_rooms, basic_altar, uniq_robin
D:3:      layout_basic, uniq_natasha, uniq_sigmund
D:4:      layout_rooms, nicolae_qazlal_scattered_showers,
          nicolae_uskayaw_en_pointe, temple_fountains, serial_aquarium,
          aquarium_bridge_square [aquarium_subvault_wall,
          aquarium_subvault_bridge, aquarium_subvault_window,
          aquarium_subvault_wall], aquarium_bridge_square
          [aquarium_subvault_bridge, aquarium_subvault_wall,
          aquarium_subvault_bridge, aquarium_subvault_balcony],
          aquarium_window_fake, aquarium_window_corridor_1, aquarium_window_2,
          aquarium_window_2, aquarium_view_2d, aquarium_pool_1,
          serial_bayou_lake_a, uniq_blork_the_orc
D:5:      layout_loops_ring, ashenzari_altar_1, uniq_grinder
D:6:      layout_loops_corners, abandoned_shop, uniq_pikel, uniq_prince_ribbit1,
          uniq_edmund, uniq_maggie
D:7:      layout_layer_cave, kennysheep_little_box, nicolae_vehumet_altar_sigil,
          uniq_duvessa, uniq_menkaure
D:8:      layout_basic
Temple:   nicolae_temple_bog_church

Skill      XL: |  1  2  3  4  5  6  7  8  9 10 |
---------------+-------------------------------+-----
Axes           | 2 3 5 6 8 10 12 13 | 13.7
Fighting       | |  3.2
Armour         | |  3.2
Shields        | |  3.2

Action                     |  1- 3 |  4- 6 |  7- 9 | 10-12 || total
---------------------------+-------+-------+-------+-------++-------
  Melee: War axe           |   104 |   101 |   183 |    57 ||   445
         Unarmed           |       |     3 |       |       ||     3
 Invoke: Divine Shield     |       |       |     1 |     2 ||     3
    Use: Potion            |       |     1 |     2 |       ||     3
         Scroll            |       |       |    10 |       ||    10
 Armour: Scale mail        |    76 |    86 |   128 |    49 ||   339
         Skin              |       |     1 |       |       ||     1
  Dodge: Dodged            |    53 |    44 |    64 |    22 ||   183
  Block: Buckler           |    24 |    17 |    37 |    15 ||    93

Table legend: (Time is in decaauts)
 A = Elapsed time spent in this place.
 B = Non-inter-level travel time spent in this place.
 C = Inter-level travel time spent in this place.
 D = Time resting spent in this place.
 E = Time spent auto-exploring this place.
 F = Levels seen in this place.
 G = Mean time per level.
                   A        B        C        D        E       F      G
               +--------+--------+--------+--------+--------+-----+--------+
         Total |   6592 |   6303 |    289 |      0 |   5297 |   9 |  732.4 |
       Dungeon |   6533 |   6300 |    233 |      0 |   5297 |   8 |  816.6 |
        Temple |     59 |      3 |     56 |      0 |      0 |   1 |   59.0 |
               +--------+--------+--------+--------+--------+-----+--------+

Top non-repeatable levels by time:
     D:6: 1195 daAuts
     D:5: 1072 daAuts
     D:7: 1025 daAuts
     D:4: 926 daAuts
     D:1: 908 daAuts
     D:2: 603 daAuts
     D:3: 525 daAuts
     D:8: 275 daAuts
  Temple: 59 daAuts
